 Dungeon Crawl Stone Soup version 0.25-a0-184-gcd15a05269 (webtiles) character file.

Game seed: 13628827812011490666, levelgen mode: deterministic

59 RedPan the Chiller (level 3, -1/26 HPs)
             Began as a Draconian Ice Elementalist on Nov 27, 2019.
             Killed from afar by a dart slug (4 damage)
             ... with a slug dart
             ... on level 2 of the Dungeon.
             The game lasted 00:04:21 (1002 turns).

RedPan the Chiller (Draconian Ice Elementalist)     Turns: 1002, Time: 00:04:22

Health: -1/26      AC:  5    Str: 10    XL:     3   Next: 78%
Magic:  0/7        EV: 12    Int: 16    God:
Gold:   49         SH:  0    Dex: 11    Spells: 6/7 levels left

rFire    . . .     SeeInvis +   d - +0 dagger
rCold    . . .     Gourm    .   (no shield)
rNeg     . . .     Faith    .   (armour unavailable)
rPois    .         Spirit   .   (helmet restricted)
rElec    .         Reflect  .   (no cloak)
rCorr    .         Harm     .   (no gloves)
MR       .....                  (no boots)
Stlth    ++........             (no amulet)
HPRegen  0.08/turn              f - ring of see invisible
MPRegen  0.10/turn              (no ring)

@: hasted, very quick
A: unfitting armour, cold-blooded, AC +5
a: no special abilities


You were on level 2 of the Dungeon.
You were not hungry.

You visited 1 branch of the dungeon, and saw 2 of its levels.

You collected 49 gold pieces.

Inventory:

Hand Weapons
 d - a +0 dagger (weapon)
Jewellery
 f - a ring of see invisible (left hand)
Scrolls
 c - a scroll of identify
Potions
 e - 2 potions of haste
 g - a potion of flight
Comestibles
 a - a chunk of flesh
 b - 3 rations


   Skills:
 - Level 2.0 Dodging
 - Level 2.0 Stealth
 + Level 2.9 Spellcasting
   Level 1.0 Conjurations
 + Level 3.8 Ice Magic


You had 6 spell levels left.
You knew the following spells:

 Your Spells              Type           Power        Failure   Level  Hunger
a - Freeze                Ice            ##..         3%          1    #......

Your spell library contained the following spells:

 Spells                   Type           Power        Failure   Level  Hunger
 Throw Frost              Conj/Ice       ##....       11%         2    ##.....
 Ozocubu's Armour         Chrm/Ice       #.......     26%         3    ###....
 Throw Icicle             Conj/Ice       ##......     56%         4    #####..
 Summon Ice Beast         Ice/Summ       #.......     63%         4    #####..


Dungeon Overview and Level Annotations

Branches:
Dungeon (2/15)

Altars:


Innate Abilities, Weirdness & Mutations

Your plain brown scales are hard. (AC +5)
You cannot fit into any form of body armour.
You are cold-blooded and may be slowed by cold attacks.


Message History

Confirm with . or Enter, or press ? or * to list all spells.
Aiming: Freeze (safe; 3% risk of failure)
Press: ? - help, Shift-Dir - straight line, f/p - worm
Aim: a worm (moderately wounded)
You freeze the worm.
The worm is heavily wounded.
You barely miss the worm.
The worm is heavily wounded.
The worm bites you.
* * * LOW HITPOINT WARNING * * *
As you open the door, it creaks loudly!
A dart slug comes into view.
Found a ration and a silvery potion.
Found a scroll of identify.
There is an open door here.
You hit the dart slug.
The dart slug is lightly wounded.
The dart slug launches a dart at you. The slug dart hits you.
You die...

# .. ...######
........#
........#
.......?#
.......@#####
......!w'.w.#
........###>###
#############†#..
w.............#.#
.........w....#.#
############..#.#
#####.#.#######
........†........


You could see a worm and a dart slug.

Vanquished Creatures
  An adder (D:2)
  An ooze (D:1)
  A worm (D:2)
  3 leopard geckos
  6 bats (D:1)
  3 giant cockroaches
  4 goblins (D:1)
  7 hobgoblins
  A frilled lizard (D:1)
  4 kobolds
  7 rats
38 creatures vanquished.

Notes
Turn   | Place    | Note
-------+----------+-------------------------------------------
     0 | D:1      | RedPan the Draconian Ice Elementalist began the quest for
                  | the Orb.
     0 | D:1      | Reached XP level 1. HP: 14/14 MP: 3/3
   153 | D:1      | Reached XP level 2. HP: 20/20 MP: 1/5
   608 | D:1      | Reached XP level 3. HP: 26/26 MP: 6/6
  1002 | D:2      | Killed from afar by a dart slug

Levels and vault maps discovered:
D:1:      minmay_arrival_checkered_box, layout_rooms
D:2:      layout_basic, nicolae_gozag_cash_rules_everything_around_me

Skill      XL: |  1 |
---------------+----+-----
Stealth        | 2 |  2.0
Dodging        | 2 |  2.0
Spellcasting   | |  2.9
Conjurations   | |  1.0
Ice Magic      | |  3.8

Action                   || total
-------------------------++-------
Melee: Unarmed           ||     6
       Club              ||     2
       Dagger            ||    62
       Tailslap          ||    11
 Cast: Freeze            ||    46
  Use: Scroll            ||     3
       Potion            ||     1
 Stab: Sleeping          ||     3
  Eat: Chunk             ||     1
Armor: Skin              ||    34
Dodge: Dodged            ||    80

Table legend:
 A = Non-vault XP
 B = Vault XP
 C = Vault XP percentage of total XP
 D = Non-vault monster count
 E = Vault monster count
 F = Vault count percentage of total count
                 A         B        C        D         E       F
            +---------+---------+-------+---------+---------+-------
      Total |      85 |       0 |   0.0 |      38 |       0 |   0.0
            +---------+---------+-------+---------+---------+-------
        D:1 |      55 |       0 |   0.0 |      29 |       0 |   0.0
        D:2 |      30 |       0 |   0.0 |       9 |       0 |   0.0
            +---------+---------+-------+---------+---------+-------
